 Dungeon Crawl Stone Soup version 0.27.1-33-g824d729ab1 (webtiles) character file.

Game seed: 17100290507917680086

142 zeram the Caller (level 5, -1/24 HPs)
             Began as a Spriggan Summoner on Dec 15, 2021.
             Killed from afar by an orc wizard (8 damage)
             ... with a magic dart
             ... on level 4 of the Dungeon.
             The game lasted 00:11:11 (4488 turns).

zeram the Caller (Spriggan Summoner)                Turns: 4488, Time: 00:11:11

Health: -1/24      AC:  2    Str:  4    XL:     5   Next: 4%
Magic:  5/12       EV: 17    Int: 18    God:
Gold:   169        SH:  0    Dex: 15    Spells: 6/12 levels left

rFire    + . .     SeeInvis +   b - +1 dagger
rCold    + . .     Faith    .   (shield restricted)
rNeg     . . .     Spirit   .   a - +0 robe
rPois    .         Reflect  .   (helmet restricted)
rElec    .         Harm     .   l - scarf {rC+ rF+}
rCorr    .         Rampage  .   (gloves unavailable)
Will     .....                  (boots unavailable)
Stlth    ++........             (no amulet)
HPRegen  0.08/turn              (no ring)
MPRegen  0.13/turn              (no ring)

@: very quick
A: very small, no large weapons, unfitting armour, see invisible, speed 3
a: no special abilities


You were on level 4 of the Dungeon.
You visited 1 branch of the dungeon, and saw 4 of its levels.

You collected 169 gold pieces.

Inventory:

Hand Weapons
 b - a +1 dagger (weapon)
Armour
 a - a +0 robe (worn)
 l - a scarf of resistance (worn)
Jewellery
 j - a +4 ring of evasion
Wands
 h - a wand of acid (7)
Scrolls
 c - 3 scrolls of amnesia
Potions
 d - a potion of degeneration {unknown}
 e - a potion of resistance {unknown}
 f - a potion of heal wounds {unknown}
 g - a potion of curing {unknown}
 i - a potion of lignification
 k - a potion of flight {unknown}


   Skills:
 - Level 0.7 Short Blades
 + Level 3.3 Dodging
 - Level 3.0 Stealth
 + Level 4.1 Spellcasting
 + Level 4.5 Summonings


You had 6 spell levels left.
You knew the following spells:

 Your Spells              Type           Power      Damage    Failure   Level
a - Summon Small Mammal   Summ           80%        N/A       2%          1
b - Call Imp              Summ           20%        N/A       3%          2
c - Call Canine Familiar  Summ           20%        N/A       7%          3

Your spell library contained the following spells:

 Spells                   Type           Power      Damage    Failure   Level
 Magic Dart               Conj           12%        1d3       14%         1
 Summon Guardian Golem    Hex/Summ       11%        N/A       17%         3
 Dazzling Flash           Conj/Hex       6%         N/A       41%         3
 Mephitic Cloud           Conj/Pois/Air  3%         N/A       41%         3
 Summon Lightning Spire   Summ/Air       11%        N/A       50%         4
 Iskenderun's Mystic Bla  Conj/Tloc      3%         2d3       82%         4
 Starburst                Conj/Fire      1%         6d3       100%        6


Dungeon Overview and Level Annotations

Branches:
Dungeon (4/15)
 Temple: D:4-7

Altars:

Shops:
D:1 =[


Innate Abilities, Weirdness & Mutations

You are very small and have problems with some larger weapons.
You are too small for most types of armour.
You have supernaturally acute eyesight. (SInv)
You cover ground extremely quickly. (Speed+++)


Message History

The orc barely misses you. The orc wizard misses you.
You barely miss the orc wizard.
The orc wizard is lightly wounded.
The orc misses you.
The orc wizard hits you with a +0 dagger.
You barely miss the orc wizard.
The orc wizard is lightly wounded.
The orc hits you with a +0 flail!
* * * LOW HITPOINT WARNING * * *
The orc wizard misses you.
Your crimson imp barely misses the orc wizard.
Casting: Call Imp (safe; 3% risk of failure)
Confirm with . or Enter, or press ? or * to list all spells.
A beastly little devil appears in a puff of flame.
The orc barely misses you. The orc wizard completely misses you.
Your crimson imp hits the orc.
The orc closely misses your white imp. The orc wizard casts a spell at you.
The magic dart hits your white imp.
Your crimson imp blinks!
Casting: Call Imp (safe; 3% risk of failure)
Confirm with . or Enter, or press ? or * to list all spells.
A shadowy apparition takes form in the air.
Your crimson imp closely misses the orc wizard.
The orc misses your crimson imp. What are your orders? t - Shout!
Orders for allies: a - Attack new target. p - Attack previous target. r - Retreat! s - Stop attacking. g - Guard the area. f - Follow me.
Anything else - Cancel.
Gang up on whom?
Press: ? - help, Dir - move target, f/p - orc wizard
Aim: an orc wizard, wielding a +0 dagger and wearing a +0 robe (lightly wounded, slightly transparent) Attack!
Your white imp disappears in a puff of smoke!
Your shadow imp hits the orc wizard but does no damage.
The orc closely misses your crimson imp.
The orc wizard casts a spell at you. The magic dart hits you!
You die...

#. ######.##
........#
.^.......
........#
......Z.##
.........#
.......@.#
........ยง#
.......5.#
#....###o#####..#
..######5.......#
#
#...5o..#....>..
#.####.)#.#.####
#..#.# # #..#.#


You could see an orc wizard (invisible, ally target), an adder skeleton, a
friendly crimson imp (summoned) and a friendly shadow imp (summoned).

Vanquished Creatures
  A dart slug (D:3)
  4 bats
  4 endoplasms
  A giant cockroach (D:2)
  2 goblins
  A hobgoblin (D:1)
  A ball python (D:3)
  3 frilled lizards (D:2)
  2 kobolds
  2 rats
21 creatures vanquished.

Vanquished Creatures (collateral kills)
  A howler monkey (D:3)
  A hound (D:3)
  An orc wizard (D:4)
  2 adders (D:2)
  4 gnolls (D:2)
  3 worms (D:2)
  A dart slug (D:1)
  4 orcs
  2 ball pythons
  2 bats
  8 endoplasms
  2 giant cockroaches (D:1)
  7 goblins
  8 hobgoblins
  A quokka (D:4)
  2 frilled lizards
  7 kobolds
56 creatures vanquished.

Grand Total: 77 creatures vanquished

Notes
Turn   | Place    | Note
-------+----------+-------------------------------------------
     0 | D:1      | zeram the Spriggan Summoner began the quest for the Orb.
     0 | D:1      | Reached XP level 1. HP: 9/9 MP: 5/5
   257 | D:1      | Found Qyukim's Antique Armour Shop.
   396 | D:1      | Learned a level 1 spell: Summon Small Mammal
   676 | D:1      | Found Yfuinugg's Jewellery Shop.
   710 | D:1      | Reached XP level 2. HP: 13/13 MP: 2/6
   915 | D:1      | Learned a level 2 spell: Call Imp
  1048 | D:1      | Found a faded altar of an unknown god.
  1564 | D:2      | Reached XP level 3. HP: 16/16 MP: 3/8
  1782 | D:2      | Learned a level 3 spell: Call Canine Familiar
  2950 | D:2      | Reached XP level 4. HP: 21/21 MP: 5/10
  4453 | D:4      | Reached XP level 5. HP: 24/24 MP: 9/12
  4488 | D:4      | Killed from afar by an orc wizard

Illustrated notes

Levels and vault maps discovered:
D:1:      scummos_arrival_simple_fountains, layout_basic,
          chequers_ecumenical_altar_grove, serial_shops,
          nicolae_shop_behind_doors, shop, chequers_serial_rivers_micro_a
D:2:      layout_basic
D:3:      layout_loops_ring
D:4:      wander_river, layout_basic

Skill      XL: |  1  2  3  4 |
---------------+-------------+-----
Dodging        | 3 |  3.3
Spellcasting   | 3 4 |  4.1
Summonings     | 4 |  4.5
Short Blades   | |  0.7
Stealth        | |  3.0

Action                   |  1- 3 |  4- 6 || total
-------------------------+-------+-------++-------
Melee: Unarmed           |    72 |       ||    72
       Dagger            |    56 |    54 ||   110
 Cast: Summon Small Mamm |    38 |     2 ||    40
       Call Imp          |    33 |    28 ||    61
  Use: Scroll            |     2 |     4 ||     6
 Stab: Sleeping          |     5 |     2 ||     7
       Distracted        |     1 |       ||     1
Armor: Robe              |    29 |     4 ||    33
Dodge: Dodged            |   136 |    39 ||   175
